 Dungeon Crawl Stone Soup version 0.31-a0-7-g51783674b7 (webtiles) character file.

Game seed: 15552702584785538935

2 BillyBaka the Vexing (level 1, -2/11 HPs)
             Began as a Vine Stalker Wanderer on May 5, 2023.
             Slain by a quokka (4 damage)
             ... on level 1 of the Dungeon.
             The game lasted 00:00:59 (45 turns).

BillyBaka the Vexing (Vine Stalker Wanderer)          Turns: 45, Time: 00:01:00

Health: -2/11      AC:  6    Str: 13    XL:     1   Next: 40%
Magic:  0/3        EV:  8    Int: 16    God:
Gold:   0          SH:  0    Dex: 10    Spells: 1/2 levels left

rFire   . . .        a - +0 hand axe
rCold   . . .        (no shield)
rNeg    . . .        b - +0 scale mail
rPois   .            (no helmet)
rElec   .            (no cloak)
rCorr   .            (no gloves)
SInv    .            (no boots)
Will    .....        (no amulet) Stlth
                     (no ring)
HPRegen 0.21/turn    (no ring)
MPRegen 0.08/turn

%: guardian spirit
@: no status effects
A: fangs 2, magic shield, antimagic bite, no potion heal 2
a: no special abilities


You were on level 1 of the Dungeon.
You visited 1 branch of the dungeon, and saw 1 of its levels.

Inventory:

Hand Weapons
 a - a +0 hand axe (weapon)
Armour
 b - a +0 scale mail (worn)
Scrolls
 d - a scroll of teleportation {unknown}
 e - a scroll of poison {unknown}
Potions
 c - a potion of curing


   Skills:
 + Level 1.8 Fighting
 + Level 1.8 Axes
 + Level 1.6 Armour
 + Level 0.1 Dodging
 - Level 1.1 Spellcasting
 - Level 2.0 Hexes
 - Level 1.0 Evocations


You had one spell level left.
You knew the following spells:

 Your Spells              Type           Power      Damage    Failure   Level
a - Slow                  Hex            28%        N/A       43%         1

Your spell library contained the following spells:

 Spells                   Type           Power      Damage    Failure   Level
 Dazzling Flash           Conj/Hex       8%         N/A       91%         3
 Inner Flame              Hex/Fire       4%         N/A       91%         3


Dungeon Overview and Level Annotations

Branches:
Dungeon (1/15)

Altars:


Innate Abilities, Weirdness & Mutations

You have extremely sharp teeth.
When hurt, damage is shared between your health and your magic reserves.
Your bite disrupts and absorbs the magic of your enemies.
Potions cannot restore your health.


Message History

A quokka comes into view.
You hit the kobold.
You kill the kobold!
You hit the quokka.
The quokka is moderately wounded.
The quokka bites you.
The quokka bites you but does no damage.
You are too injured to fight recklessly!
You are too injured to fight recklessly!
You are too injured to fight recklessly!
You barely miss the quokka. You hit the hobgoblin but do no damage.
The hobgoblin hits you. The quokka barely misses you.
You miss the quokka. Your bite misses the quokka. You hit the hobgoblin.
The quokka bites you but does no damage.
The hobgoblin barely misses you.
You barely miss the quokka. Your bite misses the quokka.
You hit the hobgoblin but do no damage. The quokka barely misses you.
The hobgoblin hits you but does no damage.
The quokka bites you.
You completely miss the quokka. Your bite misses the quokka.
You closely miss the hobgoblin.
The hobgoblin hits you but does no damage.
A ball python comes into view.
The quokka bites you but does no damage.
The hobgoblin hits you but does no damage.
You barely miss the quokka. You closely miss the hobgoblin.
The ball python hisses angrily.
The quokka closely misses you.
The hobgoblin hits you but does no damage.
The quokka bites you.
* * * LOW HITPOINT WARNING * * *
You closely miss the hobgoblin.
The hobgoblin is severely wounded.
You hit the quokka but do no damage. The quokka bites you.
* * * LOW HITPOINT WARNING * * *
The hobgoblin hits you but does no damage.
You hit the hobgoblin but do no damage. You bite the hobgoblin.
You kill the hobgoblin!
You barely miss the quokka. The quokka bites you.
You die...

#..............#
##.#.....<......#
...#............#
..............# ..
.#.#########..#
.$..#..........^.##
...g...........†..#
...###.####.###..#
#@# #.###..###..#
#r# #...........#
.J#......#...#####
.#....#........#
#.#.# #.#.#.##.# .
... .....#.. ..# ##
..####.# ... .##
... .. ### ..


You could see an endoplasm and a quokka.

Vanquished Creatures
  A hobgoblin (D:1)
  A quokka (D:1)
  A bat (D:1)
  A kobold (D:1)
4 creatures vanquished.

Notes
Turn   | Place    | Note
-------+----------+-------------------------------------------
     0 | D:1      | BillyBaka the Vine Stalker Wanderer began the quest for the
                  | Orb.
     0 | D:1      | BillyBaka set off with the following items: a +0 hand axe,
                  | a +0 scale mail, a potion of curing; and the following
                  | spell memorised: Slow; and the following spells available
                  | to memorise: Dazzling Flash, Inner Flame.
     0 | D:1      | Reached XP level 1. HP: 11/11 MP: 3/3
    45 | D:1      | Slain by a quokka

Illustrated notes

Levels and vault maps discovered:
D:1:      minmay_arrival_semitransparent, layout_basic

Action                     || total
---------------------------++-------
  Melee: Hand axe          ||    13
         Bite              ||     2
 Armour: Scale mail        ||    10
  Dodge: Dodged            ||     6

Table legend: (Time is in decaauts)
 A = Elapsed time spent in this place.
 B = Non-inter-level travel time spent in this place.
 C = Inter-level travel time spent in this place.
 D = Time resting spent in this place.
 E = Time spent auto-exploring this place.
 F = Levels seen in this place.
 G = Mean time per level.
                   A        B        C        D        E       F      G
               +--------+--------+--------+--------+--------+-----+--------+
         Total |     47 |     47 |      0 |      0 |     22 |   1 |   47.0 |
       Dungeon |     47 |     47 |      0 |      0 |     22 |   1 |   47.0 |
               +--------+--------+--------+--------+--------+-----+--------+

Top non-repeatable levels by time:
     D:1: 47 daAuts
